 Dungeon Crawl Stone Soup version 0.26.1-11-gd32895ea62 (webtiles) character file.

Game seed: 10496658826452848330

599 jlumianski the Grasshopper (level 7, -13/56 HPs)
             Began as a Gnoll Warper on July 16, 2021.
             Was an Initiate of Qazlal.
             Mangled by an ice beast (14 damage)
             ... on level 3 of the Dungeon.
             The game lasted 00:24:54 (6530 turns).

jlumianski the Grasshopper (Gnoll Warper)           Turns: 6530, Time: 00:24:54

Health: -13/56     AC:  6    Str: 13    XL:     7   Next: 41%
Magic:  2/15       EV: 14    Int: 17    God:    Qazlal [......]
Gold:   153        SH:  0    Dex: 21    Spells: 12/17 levels left

rFire    . . .     SeeInvis .   a - +0 hand axe
rCold    . . .     Faith    .   (no shield)
rNeg     . . .     Spirit   .   F - +0 ring mail
rPois    .         Reflect  .   C - +0 helmet
rElec    .         Harm     .   (no cloak)
rCorr    +         Rampage  .   (no gloves)
Will     .....                  (no boots)
Stlth    ++........             (no amulet)
HPRegen  0.18/turn              f - ring of resist corrosion
MPRegen  0.14/turn              l - +6 ring of dexterity

@: no status effects
A: distributed training, fangs 1, strong nose
a: Renounce Religion


You were on level 3 of the Dungeon.
You worshipped Qazlal.
Qazlal was noncommittal.
You visited 1 branch of the dungeon, and saw 5 of its levels.

You collected 153 gold pieces.

Inventory:

Hand Weapons
 a - a +0 hand axe (weapon)
 u - a +0 hunting sling
 E - the +1 dagger of the Sage {flame, rElec Stlth+, unknown}
   (You found it on level 4 of the Dungeon)

   It has been specially enchanted to burn those struck by it, causing extra
   injury to most foes and up to half again as much damage against particularly
   susceptible opponents.
   It insulates you from electricity.
   It makes you more stealthy.
Missiles
 c - 9 bolts
 e - 5 boomerangs of dispersal
 p - 143 stones (quivered)
 D - 24 arrows
Armour
 b - a +0 leather armour
 t - a +0 buckler
 C - a +0 helmet (worn)
 F - a +0 ring mail (worn)
Jewellery
 f - a ring of resist corrosion (left hand)
 l - a +6 ring of dexterity (right hand)
 m - a cursed -4 ring of strength
 r - an uncursed ring of willpower {unknown}
Wands
 s - a wand of flame (7)
Scrolls
 d - a scroll of blinking
 g - a scroll of immolation {unknown}
 k - 2 scrolls of amnesia
 x - a scroll of remove curse {unknown}
 y - a scroll of noise {unknown}
 A - a scroll of teleportation {unknown}
Potions
 h - a potion of flight {unknown}
 i - a potion of brilliance
 j - a potion of mutation {unknown}
 n - a potion of degeneration {unknown}
 o - a potion of berserk rage
 q - a potion of curing {unknown}
 v - a potion of haste {unknown}
 w - a potion of might {unknown}
 z - a potion of magic {unknown}
 B - a potion of ambrosia {unknown}


   Skills:
 + Level 5.2 Fighting
 + Level 2.4 Short Blades
 + Level 2.4 Long Blades
 + Level 5.2 Axes
 + Level 2.4 Maces & Flails
 + Level 2.4 Polearms
 + Level 2.4 Staves
 + Level 2.4 Slings
 + Level 2.4 Bows
 + Level 2.4 Crossbows
 + Level 3.6 Throwing
 + Level 3.6 Armour
 + Level 5.2 Dodging
 + Level 2.4 Stealth
 + Level 2.4 Shields
 + Level 2.4 Unarmed Combat
 + Level 5.6 Spellcasting
 + Level 2.0 Conjurations
 + Level 2.0 Hexes
 + Level 2.0 Summonings
 + Level 2.0 Necromancy
 + Level 5.8 Translocations
 + Level 2.0 Transmutations
 + Level 2.0 Fire Magic
 + Level 2.0 Ice Magic
 + Level 2.0 Air Magic
 + Level 2.0 Earth Magic
 + Level 2.0 Poison Magic
 + Level 2.7 Invocations
 + Level 2.4 Evocations


You had 12 spell levels left.
You knew the following spells:

 Your Spells              Type           Power        Failure   Level
a - Blink                 Tloc           N/A          3%          2
b - Gell's Gravitas       Tloc           12%          8%          3

Your spell library contained the following spells:

 Spells                   Type           Power        Failure   Level
 Lesser Beckoning         Tloc           12%          8%          3
 Teleport Other           Tloc           24%          8%          3
 Passage of Golubria      Tloc           N/A          24%         4


Dungeon Overview and Level Annotations

Branches:
Dungeon (5/15)             Temple (0/1) D:4

Altars:
Fedhas
Okawaru
Qazlal
Zin


Innate Abilities, Weirdness & Mutations

Your experience applies equally to all skills.
You have very sharp teeth.
Your uncanny sense of smell can sniff out nearby items.


Message History

Aiming: Throw Flame
Press: ? - help, Shift-Dir - straight line, f/p - ice beast
Aim: an ice beast (moderately wounded, 29% to evade)
The puff of flame hits the ice beast.
The ice beast melts!
The ice beast is heavily wounded.
You slash the ice beast!
The ice beast is severely wounded.
The ice beast misses you.
You hit the ice beast.
The ice beast is severely wounded.
The ice beast hits you but does no damage.
You hit the ice beast but do no damage.
The ice beast is severely wounded.
The ice beast closely misses you.
You hit the ice beast.
The ice beast is almost dead.
The ice beast hits you.
* * * LOW HITPOINT WARNING * * *
The ice beast freezes you!
You die...

#...........#.......#
##############.####.#
#........<...# #.#
#.############ #.#
#.####8###8### #.#
#.##8...8...8####.#
#.##.).......##...#
#.#>.....)..._#.###
####)@Y).....####
###8...8...8###
###8###8### ### ###


You could see an ice beast.

Vanquished Creatures
  3 ogres
  A hound (D:4)
  An orc wizard (D:4)
  A worker ant (D:3)
  Robin (D:4)
  7 gnolls
  7 adders
  An ooze (D:3)
  An adder skeleton (D:5)
  A worm (D:4)
  3 dart slugs (D:2)
  2 leopard geckos (D:2)
  14 orcs
  A bat zombie (D:1)
  7 giant cockroaches
  17 goblins
  6 hobgoblins
  5 jackals
  8 bats
  7 frilled lizards
  A giant cockroach zombie (D:1)
  A kobold (D:2)
  5 rats
101 creatures vanquished.

Vanquished Creatures (others)
  7 plants (D:4)
7 creatures vanquished.

Grand Total: 108 creatures vanquished

Notes
Turn   | Place    | Note
-------+----------+-------------------------------------------
     0 | D:1      | jlumianski the Gnoll Warper began the quest for the Orb.
     0 | D:1      | Reached XP level 1. HP: 20/20 MP: 6/6
   205 | D:1      | Reached XP level 2. HP: 26/26 MP: 7/7
   209 | D:1      | Learned a level 2 spell: Blink
  1067 | D:2      | Reached XP level 3. HP: 27/31 MP: 9/9
  1071 | D:2      | Learned a level 3 spell: Gell's Gravitas
  1213 | D:2      | Reached skill level 5 in Spellcasting
  1367 | D:2      | Reached skill level 1 in Invocations
  1676 | D:2      | Reached skill level 1 in Short Blades
  1676 | D:2      | Reached skill level 1 in Long Blades
  1676 | D:2      | Reached skill level 1 in Maces & Flails
  1676 | D:2      | Reached skill level 1 in Polearms
  1676 | D:2      | Reached skill level 1 in Staves
  1676 | D:2      | Reached skill level 1 in Slings
  1676 | D:2      | Reached skill level 1 in Bows
  1676 | D:2      | Reached skill level 1 in Crossbows
  1676 | D:2      | Reached skill level 1 in Stealth
  1676 | D:2      | Reached skill level 1 in Shields
  1676 | D:2      | Reached skill level 1 in Unarmed Combat
  1676 | D:2      | Reached skill level 1 in Evocations
  1719 | D:2      | Reached XP level 4. HP: 38/38 MP: 7/11
  2003 | D:2      | Found a blossoming altar of Fedhas.
  2621 | D:3      | Reached skill level 1 in Conjurations
  2621 | D:3      | Reached skill level 1 in Hexes
  2621 | D:3      | Reached skill level 1 in Summonings
  2621 | D:3      | Reached skill level 1 in Necromancy
  2621 | D:3      | Reached skill level 1 in Transmutations
  2621 | D:3      | Reached skill level 1 in Fire Magic
  2621 | D:3      | Reached skill level 1 in Ice Magic
  2621 | D:3      | Reached skill level 1 in Air Magic
  2621 | D:3      | Reached skill level 1 in Earth Magic
  2621 | D:3      | Reached skill level 1 in Poison Magic
  2803 | D:3      | Found an iron altar of Okawaru.
  2978 | D:3      | Reached XP level 5. HP: 19/43 MP: 4/12
  3683 | D:4      | Found a stormy altar of Qazlal.
  3694 | D:4      | Became a worshipper of Qazlal Stormbringer
  3803 | D:4      | Found a staircase to the Ecumenical Temple.
  3813 | D:4      | Noticed an ogre
  3825 | D:4      | Killed an ogre
  3826 | D:4      | Reached XP level 6. HP: 10/50 MP: 9/14
  4303 | D:3      | Reached skill level 5 in Fighting
  4303 | D:3      | Reached skill level 5 in Axes
  4303 | D:3      | Reached skill level 5 in Dodging
  5295 | D:4      | Reached XP level 7. HP: 37/56 MP: 15/15
  5540 | D:4      | Noticed Robin
  5558 | D:4      | Killed Robin
  5780 | D:4      | Got a pitted dagger
  5810 | D:5      | Entered Level 5 of the Dungeon
  5810 | D:5      | Found a glowing silver altar of Zin.
  6522 | D:3      | HP: 2/56 [ice beast (11)]
  6530 | D:3      | HP: 1/56 [ice beast (2)]
  6530 | D:3      | Mangled by an ice beast

Illustrated notes

Levels and vault maps discovered:
D:1:      saegor_arrival_fortress, layout_basic
D:2:      lemuel_upstairs_altar, layout_loops_corners, fedhas_altar_1
D:3:      layout_basic, nicolae_overflow_hidden_temple
D:4:      layout_loops_ring, grunt_qazlal_sundering,
          minmay_temple_entry_gardened_gates, uniq_robin
D:5:      layout_basic, nicolae_overflow_crystal_walls, grunt_decor_cap,
          nemelex_spade_bored_becter, uniq_grinder, uniq_ijyb, uniq_duvessa

Skill      XL: |  1  2  3  4  5  6  7 |
---------------+----------------------+-----
Spellcasting   | 5 |  5.6
Invocations    | 1 2 |  2.7
Short Blades   | 1 2 |  2.4
Long Blades    | 1 2 |  2.4
Maces & Flails | 1 2 |  2.4
Polearms       | 1 2 |  2.4
Staves         | 1 2 |  2.4
Slings         | 1 2 |  2.4
Bows           | 1 2 |  2.4
Crossbows      | 1 2 |  2.4
Stealth        | 1 2 |  2.4
Shields        | 1 2 |  2.4
Unarmed Combat | 1 2 |  2.4
Evocations     | 1 2 |  2.4
Conjurations   | 1 2 |  2.0
Hexes          | 1 2 |  2.0
Summonings     | 1 2 |  2.0
Necromancy     | 1 2 |  2.0
Transmutations | 1 2 |  2.0
Fire Magic     | 1 2 |  2.0
Ice Magic      | 1 2 |  2.0
Air Magic      | 1 2 |  2.0
Earth Magic    | 1 2 |  2.0
Poison Magic   | 1 2 |  2.0
Throwing       | 3 |  3.6
Armour         | 3 |  3.6
Fighting       | 5 |  5.2
Axes           | 5 |  5.2
Dodging        | 5 |  5.2
Translocations | |  5.8

Action                   |  1- 3 |  4- 6 |  7- 9 || total
-------------------------+-------+-------+-------++-------
Melee: Hand axe          |    95 |   166 |    76 ||   337
       Bite              |     8 |    23 |     6 ||    37
       Punch             |       |     1 |       ||     1
Throw: Stone             |     3 |    24 |     6 ||    33
 Cast: Gell's Gravitas   |     2 |     6 |     9 ||    17
       Blink             |       |     7 |    12 ||    19
Evoke: Wand              |       |     4 |     9 ||    13
  Use: Scroll            |       |     3 |     1 ||     4
       Potion            |       |     2 |       ||     2
 Stab: Sleeping          |       |     4 |       ||     4
Armor: Leather armour    |    22 |    27 |     2 ||    51
       Ring mail         |       |       |    19 ||    19
Dodge: Dodged            |    69 |   132 |    55 ||   256
